AoeStats
← HEDEF2023BOR

Black Forest

509359305Analyzed
4v4 RM · 6d ago on Sep 26, 2026· 46m 53s· 8 players
Game mode
Random Map
Map size
Large (8 player)
Population
200
Speed
Normal
Resources
Standard
Victory
Conquest
Starting age
Dark Age
Ending age
Imperial Age
RankedLock teamsTeams togetherTeam positionsShared explorationLock speedFull tech treeHidden civsTurbo modeCheats
Victory
Defeat
🇹🇼 Persians · Taiwan
1092
+14
🇹🇼 Danes · Taiwan
1072
+15
🇻🇳 Teutons · Vietnam
1058
+16
🇨🇳 Huns · China
1048
+16
🇨🇳 Bohemians · China
1091
-16
🇹🇷 Byzantines · Türkiye
1048
-15
🇹🇷 Hindustanis · Türkiye
1039
-15
🇹🇷 Spanish · Türkiye
1037
-15
tiendungcsdt6879
1:25 Loom
13:17 Feudal Age
18:08 Castle Age
16:00 Horse Collar
16:05 Double-Bit Axe
16:13 Gold Mining
17:11 Stone Mining
21:53 Wheelbarrow
30:30 Imperial Age
29:28 Bow Saw
29:20 Heavy Plow
30:00 Forging
29:51 Scale Mail Armor
32:19 Chemistry
34:03 Chain Mail Armor
34:56 Bloodlines
35:24 Iron Casting
35:43 Hand Cart
36:48 Fletching
36:58 Padded Archer Armor
37:33 Bodkin Arrow
37:05 Elite Skirmisher
39:19 Two-Man Saw
40:08 Leather Archer Armor
40:18 Cavalier
43:13 Paladin
45:04 Scale Barding Armor
46:00 Blast Furnace
45:31 Ring Archer Armor
47:21 Crop Rotation
47:17 Chain Barding Armor
寶島 Tiger 砲
0:44 Loom
5:10 Loom
13:29 Feudal Age
15:34 Wheelbarrow
17:35 Castle Age
17:38 Double-Bit Axe
26:53 Horse Collar
29:16 Stone Mining
29:17 Gold Mining
30:00 Heavy Plow
30:38 Bow Saw
32:13 Gold Shaft Mining
34:28 Imperial Age
33:06 Hand Cart
33:31 Forging
33:26 Scale Barding Armor
34:18 Stone Shaft Mining
34:22 Town Watch
35:57 Two-Man Saw
35:37 Conscription
35:33 Bloodlines
35:24 Husbandry
35:16 Elite War Elephant
36:39 Iron Casting
37:18 Crop Rotation
37:21 Chain Barding Armor
38:37 Light Cavalry
39:42 Hussar
41:26 Blast Furnace
41:01 Plate Barding Armor
寶島岡山之鬼
0:34 Loom
12:07 Feudal Age
17:10 Castle Age
15:32 Double-Bit Axe
15:29 Horse Collar
17:57 Wheelbarrow
23:16 Bow Saw
25:16 Hand Cart
25:20 Stone Mining
30:38 Imperial Age
27:54 Town Watch
28:19 Gold Mining
28:45 Squires
28:07 Pikeman
30:02 Gold Shaft Mining
30:03 Stone Shaft Mining
29:32 Scale Mail Armor
29:43 Forging
31:02 Chain Mail Armor
30:38 Fletching
31:29 Siege Engineers
31:46 Ballistics
30:55 Halberdier
33:35 Chemistry
32:48 Onager
34:58 Elite Varangian Guard
37:01 Plate Mail Armor
37:06 Iron Casting
37:01 Conscription
37:34 Elite Jomsviking
37:35 Hamask
38:22 Heavy Scorpion
41:00 Blast Furnace
39:57 Bodkin Arrow
42:54 Arson
42:55 Gambesons
波波菜FV
1:59 Loom
11:36 Feudal Age
13:24 Double-Bit Axe
16:29 Castle Age
14:36 Horse Collar
14:53 Gold Mining
17:30 Bow Saw
17:48 Heavy Plow
18:11 Stone Mining
30:02 Imperial Age
28:16 Gold Shaft Mining
28:24 Wheelbarrow
28:31 Forging
28:27 Scale Barding Armor
29:21 Hand Cart
30:17 Iron Casting
30:50 Chain Barding Armor
30:21 Cavalier
32:03 Two-Man Saw
31:07 Husbandry
31:18 Bloodlines
32:31 Blast Furnace
31:31 Paladin
34:27 Plate Barding Armor
34:05 Pikeman
34:45 Squires
34:31 Arson
34:47 Scale Mail Armor
35:35 Padded Archer Armor
36:15 Coinage
37:32 Chain Mail Armor
37:33 Leather Archer Armor
40:01 Elite Skirmisher
40:47 Thumb Ring
40:33 Fletching
40:06 Light Cavalry
43:03 Hussar
45:26 Bodkin Arrow
$hameles$
11:57 Feudal Age
15:50 Loom
19:51 Castle Age
20:44 Double-Bit Axe
20:54 Gold Mining
20:47 Horse Collar
21:58 Stone Mining
22:21 Bow Saw
24:52 Heavy Plow
26:24 Wheelbarrow
27:53 Gold Shaft Mining
28:19 Hand Cart
32:21 Imperial Age
30:48 Stone Shaft Mining
30:39 Scale Barding Armor
31:37 Forging
31:48 Chain Barding Armor
31:19 Treadmill Crane
32:28 Ballistics
32:39 Caravan
33:25 Iron Casting
33:19 Greek Fire
32:53 Elite Cataphract
34:43 Plate Barding Armor
34:49 Conscription
35:29 Crop Rotation
35:15 Husbandry
38:46 Chemistry
38:51 Logistica
39:47 Pikeman
40:26 Elite Varangian Guard
41:20 Gambesons
41:39 Scale Mail Armor
41:49 Squires
41:13 Halberdier
47:38 Chain Mail Armor
KILorKİLL
0:52 Loom
12:53 Feudal Age
17:19 Castle Age
15:45 Double-Bit Axe
18:48 Wheelbarrow
18:58 Bow Saw
25:11 Fortified Wall
25:06 Horse Collar
25:50 Padded Archer Armor
25:40 Fletching
26:35 Gold Mining
26:36 Stone Mining
27:06 Leather Archer Armor
28:07 Hand Cart
29:18 Bodkin Arrow
29:47 Ballistics
32:28 Imperial Age
31:29 Gold Shaft Mining
30:45 Stone Mining
32:56 Thumb Ring
33:14 Shatagni
34:17 Chemistry
33:50 Ring Archer Armor
33:21 Bracer
37:40 Caravan
39:10 Two-Man Saw
HEDEF2023BOR
0:28 Loom
13:03 Feudal Age
16:40 Castle Age
14:42 Double-Bit Axe
16:25 Wheelbarrow
18:12 Horse Collar
23:44 Stone Mining
25:41 Gold Mining
26:18 Bow Saw
27:04 Fortified Wall
27:35 Heavy Plow
31:41 Imperial Age
30:34 Stone Shaft Mining
30:40 Ballistics
30:46 Hand Cart
31:03 Scale Barding Armor
30:58 Padded Archer Armor
30:48 Fletching
31:37 Masonry
32:50 Conscription
32:48 Husbandry
32:59 Bloodlines
32:56 Elite Conquistador
33:33 Town Watch
34:50 Two-Man Saw
34:14 Leather Archer Armor
33:49 Fletching
34:20 Chain Barding Armor
39:03 Pikeman
39:44 Squires
39:29 Gambesons
永不投降嘻嘻
13:02 Feudal Age
17:31 Castle Age
15:57 Double-Bit Axe
16:45 Horse Collar
23:23 Bow Saw
24:32 Heavy Plow
31:24 Imperial Age
28:46 Loom
30:33 Fletching
32:22 Chemistry
31:20 Guard Tower
31:52 Ballistics
31:46 Masonry
32:43 Conscription
33:53 Two-Man Saw
32:49 Bodkin Arrow
32:58 Padded Archer Armor
33:40 Houfnice
34:51 Pikeman
35:32 Squires
35:33 Scale Mail Armor
35:44 Forging
Connection lost

Rejoining the realm…

Still unreachable

The connection could not be restored.

Session expired

The server has moved on; the page needs a fresh start.